 Dungeon Crawl Stone Soup version 0.26.1-11-gd32895ea62 (webtiles) character file.

Game seed: 12915251587329030883

45 Zeld the Skirmisher (level 3, -9/29 HPs)
             Began as a Demonspawn Abyssal Knight on June 12, 2021.
             Was a Follower of Lugonu.
             Mangled by Terence
             ... wielding a +2 flail of protection
              (11 damage)
             ... on level 2 of the Dungeon.
             The game lasted 00:01:55 (2005 turns).

Zeld the Skirmisher (Demonspawn Abyssal Knight)     Turns: 2005, Time: 00:01:56

Health: -9/29      AC:  3    Str: 13    XL:     3   Next: 42%
Magic:  3/3        EV: 11    Int: 13    God:    Lugonu [*.....]
Gold:   79         SH:  0    Dex:  8    Spells: 2/2 levels left

rFire    . . .     SeeInvis .   a - +1 short sword
rCold    . . .     Faith    .   (no shield)
rNeg     . . .     Spirit   .   b - +0 leather armour
rPois    .         Reflect  .   (helmet restricted)
rElec    .         Harm     .   (no cloak)
rCorr    .         Rampage  .   (no gloves)
Will     .....     Rnd*Rage +   (no boots)
Stlth    +.........             (no amulet)
HPRegen  0.09/turn              (no ring)
MPRegen  0.08/turn              (no ring)

@: no status effects
A: horns 1, [berserk 2], [clumsy 2], [low mp 2], spiny 1
a: Renounce Religion, Depart the Abyss


You were on level 2 of the Dungeon.
You worshipped Lugonu.
Lugonu was aware of your devotion.
You visited 1 branch of the dungeon, and saw 2 of its levels.
You visited the Abyss 1 time.

You collected 79 gold pieces.

Inventory:

Hand Weapons
 a - a +1 short sword (weapon)
Armour
 b - a +0 leather armour (worn)
Scrolls
 d - a scroll of teleportation {unknown}
 e - a scroll of amnesia {unknown}
 f - a scroll of enchant weapon {unknown}
 g - 2 scrolls of identify {unknown}
 h - a scroll of random uselessness {unknown}


   Skills:
 + Level 3.4 Fighting
 * Level 2.8 Short Blades
 - Level 1.7 Armour
 + Level 1.5 Dodging
 - Level 2.4 Invocations


You had 2 spell levels left.
You didn't know any spells.
Your spell library was empty.

Dungeon Overview and Level Annotations

Branches:
Dungeon (2/15)

Altars:

Annotations:
D:2 Terence


Innate Abilities, Weirdness & Mutations

You have a pair of small horns on your head.
You are partially covered in sharp spines.
[You often lose your temper in combat.]
[You are very clumsy. (Dex -4)]
[Your magical capacity is very low. (-20% MP)]


Message History

Terence is moderately wounded.
Terence hits you with a +2 flail of protection.
You hit Terence. You headbutt Terence, but do no damage.
Terence is heavily wounded.
Terence hits you with a +2 flail of protection.
You hit Terence but do no damage.
Terence is heavily wounded.
Terence is struck by your spines.
Terence hits you with a +2 flail of protection!
* * * LOW HITPOINT WARNING * * *
You hit Terence but do no damage.
Terence is heavily wounded.
Terence hits you with a +2 flail of protection.
* * * LOW HITPOINT WARNING * * *
You are too injured to fight recklessly!
You closely miss Terence.
Terence is heavily wounded.
Terence is struck by your spines.
Terence hits you with a +2 flail of protection!
You die...

#........#
#........#
##.....)..#
#.........#
#.........#
#.........#
#{#..#.####
#.#..#.#
#######.#@.#.#
........)@..>#
..........(..#
#######.####.#
#.# #.# #.#
#.# #.####.##
#..))..(#
######†.#


You could see Terence.

Vanquished Creatures
  2 gnolls (D:2)
  3 dart slugs
  2 hobgoblins (D:1)
  3 bats (D:1)
  2 frilled lizards (D:1)
  4 goblins
  6 kobolds
  A rat (D:1)
23 creatures vanquished.

Notes
Turn   | Place    | Note
-------+----------+-------------------------------------------
     0 | Abyss:1  | Zeld the Demonspawn Abyssal Knight began the quest for the
                  | Orb.
     0 | Abyss:1  | Reached XP level 1. HP: 18/18 MP: 2/2
    92 | Abyss:1  | Noticed a wretched star
   106 | Abyss:1  | Noticed a jelly
   108 | D:1      | Escaped the Abyss
   643 | D:1      | Reached skill level 1 in Dodging
   968 | D:1      | Gained mutation: You have a pair of small horns on your
                  | head. [demonic ancestry]
   968 | D:1      | Reached XP level 2. HP: 11/24 MP: 3/3
   984 | D:1      | Reached * piety under Lugonu
  1737 | D:2      | Noticed Terence
  1752 | D:2      | Gained mutation: You are partially covered in sharp spines.
                  | [demonic ancestry]
  1752 | D:2      | Reached XP level 3. HP: 22/29 MP: 3/3
  2005 | D:2      | Mangled by Terence

Illustrated notes

Levels and vault maps discovered:
D:1:      ncdulo_halloftheorcs, layout_loops_cross
D:2:      layout_basic, chequers_temple_overflow_statue_of_worship,
          kennysheep_generic_room_4, uniq_terence

Skill      XL: |  1 |
---------------+----+-----
Dodging        | 1 |  1.5
Short Blades   | 2 |  2.8
Fighting       | |  3.4
Armour         | |  1.7
Invocations    | |  2.4

Action                   || total
-------------------------++-------
Melee: Short sword       ||    83
       Headbutt          ||     6
Invok: Depart the Abyss  ||     1
Armor: Leather armour    ||    46
Dodge: Dodged            ||    65
